 Dungeon Crawl Stone Soup version 0.17-a0-1567-gdd419b1 (webtiles) character file.

1148 xiwik the Fighter (level 8, 0/74 HPs)
             Began as a Demonspawn Fighter on July 22, 2015.
             Was an Initiate of Gozag.
             Slain by a wight
             ... wielding a +3 scimitar of freezing
              (1 damage)
             ... on level 7 of the Dungeon.
             The game lasted 00:06:14 (7649 turns).

xiwik the Fighter (Demonspawn Fighter)              Turns: 7649, Time: 00:06:14

Health: 0/74       AC:  9    Str: 18    XL:     8   Next: 15%
Magic:  8/8        EV:  6    Int: 11    God:    Gozag
Gold:   267        SH:  8    Dex: 12    Spells: 0 memorised, 7 levels left

rFire  . . .     SeeInvis .     a - +0 war axe
rCold  . . .     Clarity  .     m - +0 scale mail (curse)
rNeg   . . .     SustAt   .     c - +0 shield
rPois  .         Gourm    .     k - +0 helmet
rElec  .         Spirit   .     p - +0 cloak
rCorr  .         Warding  .     (no gloves)
rMut   .         Stasis   .     (no boots)
MR     .....                    (no amulet)
Stlth  ..........               (no ring)
                                (no ring)

@: drained, not resistant to hostile enchantments, extremely unstealthy
A: talons 2, rugged brown scales 1, rot immunity
a: Potion Petition, Call Merchant, Bribe Branch, Renounce Religion


You were on level 7 of the Dungeon.
You worshipped Gozag.
Gozag was noncommittal.
You were not hungry.

You visited 2 branches of the dungeon, and saw 8 of its levels.
You also visited: Ossuary.

You collected 336 gold pieces.
You paid 69 gold pieces to Gozag.

Inventory:

Hand weapons
 a - a +0 war axe (weapon)
Armour
 b - a +0 scale mail
 c - a +0 shield (worn)
 k - a +0 helmet (worn)
 l - a +3 scale mail
 m - a cursed +0 scale mail (worn)
 p - a +0 cloak (worn)
Magical devices
 v - a wand of teleportation (1)
 x - a wand of polymorph (12)
Scrolls
 f - 2 scrolls of recharging {unknown}
 g - 2 scrolls of identify {unknown}
 h - 3 scrolls of random uselessness
 i - 3 scrolls of remove curse {unknown}
 n - a scroll of magic mapping {unknown}
 o - a scroll of noise {unknown}
 q - a scroll of teleportation {unknown}
 r - a scroll of immolation {unknown}
 s - a scroll of amnesia {unknown}
 u - a scroll of blinking {unknown}
Potions
 t - a potion of poison {unknown}
Books
 w - an Akashic Record

   Spells                             Type                      Level
   a - Dispersal                      Translocation                6
   b - Controlled Blink               Translocation                7
   c - Malign Gateway                 Summoning/Translocation      7
   d - Disjunction                    Translocation                8
Comestibles
 d - 2 meat rations
 e - 4 bread rations
 j - 5 beef jerkies


   Skills:
 + Level 10.1(8.9) Fighting
 - Level 1.7(0.7) Axes
 - Level 2.6(1.6) Armour
 - Level 2.6(1.6) Shields


You had 7 spell levels left.
You didn't know any spells.

Dungeon Overview and Level Annotations

Branches:
Dungeon (7/15)             Temple (1/1) D:5

Altars:
Ashenzari
Dithmenos
Elyvilon
Fedhas
Gozag
Kikubaaqudgha
Makhleb
Okawaru
Qazlal
Ru
Sif Muna
Trog
Vehumet
Yredelemnul
Zin
The Shining One

Shops:
D:4 %   D:6 *

Annotations:
D:6 Pikel


Innate Abilities, Weirdness & Mutations

You have razor-sharp toenails.
You are partially covered in rugged brown scales (AC +1, +3% HP).
You are immune to rotting.


Message History

The wight hits you with a scimitar of freezing!
* * * LOW HITPOINT WARNING * * *
You feel drained.
* * * LOW HITPOINT WARNING * * *
The wight freezes you.
* * * LOW HITPOINT WARNING * * *
You take 11 damage, and have 9/74 hp.
You closely miss the wight. You claw the wight, but do no damage.
The wight hits you with a scimitar of freezing.
* * * LOW HITPOINT WARNING * * *
The wight freezes you.
* * * LOW HITPOINT WARNING * * *
The wight hits you but does no damage.
You take 2 damage, and have 7/74 hp.
You hit the wight. Your kick misses the wight.
The wight hits you with a scimitar of freezing.
* * * LOW HITPOINT WARNING * * *
You feel drained. The wight freezes you.
You die...
Your body crumbles into a pile of gold.

#.........##.........
##.......###..>......
####.#### #.........
#. #......... #.
#......<.. #
#......... #.........
...#####.........
......z@>$######.
..#####$.....#
#.####.# ..# .. #.##
#. #. .. ..


You could see a wight.

Vanquished Creatures
  Duvessa (D:5)
  The ghost of Nattefrost the Poker, an average DrBe of Trog (D:3)
  2 centaurs
  2 elf zombies (Ossuary)
  Dowan (D:5)
  2 wights (D:7)
  2 hounds (D:6)
  A giant frog skeleton (D:5)
  An orc priest (D:4)
  A centaur zombie (Ossuary)
  2 iguanas
  An orc wizard (D:4)
  Jessica (D:3)
  A worker ant (D:5)
  A mummy (Ossuary)
  Robin (D:3)
  5 gnolls
  6 adders
  A shadow imp (D:5)
  3 worms
  4 giant geckos
  8 orcs
  A bat zombie (D:5)
  3 giant cockroaches
  9 hobgoblins
  8 jackals
  7 kobolds
  3 quokkas
  3 ball pythons
  10 bats
  4 giant newts
  16 goblins
  7 rats
119 creatures vanquished.

Notes
Turn   | Place    | Note
--------------------------------------------------------------
     0 | D:1      | xiwik the Demonspawn Fighter began the quest for the Orb.
     0 | D:1      | Reached XP level 1. HP: 18/18 MP: 1/1
   496 | D:1      | Gained mutation: You have sharp toenails. [demonic ancestry]
   496 | D:1      | Reached XP level 2. HP: 13/25 MP: 2/2
  1057 | D:2      | Reached skill level 4 in Fighting
  1118 | D:1      | Reached XP level 3. HP: 13/30 MP: 3/3
  1795 | D:2      | Found a shattered altar of Ashenzari.
  2072 | D:2      | Gained mutation: You are immune to rotting. [demonic ancestry]
  2072 | D:2      | Reached XP level 4. HP: 35/38 MP: 4/4
  2211 | D:2      | Reached skill level 5 in Fighting
  2463 | D:3      | Noticed Robin
  2691 | D:3      | Killed Robin
  2803 | D:3      | Noticed Nattefrost's ghost (average DrBe)
  2809 | D:3      | Noticed Jessica
  2813 | D:3      | Killed Nattefrost's ghost
  2813 | D:3      | Reached skill level 6 in Fighting
  2813 | D:3      | Gained mutation: You have razor-sharp toenails. [demonic ancestry]
  2813 | D:3      | Reached XP level 5. HP: 25/47 MP: 5/5
  2818 | D:3      | Killed Jessica
  2999 | D:3      | Found a stormy altar of Qazlal.
  3278 | D:3      | HP: 1/47 [gnoll/flail (14)]
  4063 | D:3      | Found a basalt altar of Yredelemnul.
  4069 | D:3      | Found a glowing golden altar of the Shining One.
  4070 | D:3      | Found a blossoming altar of Fedhas.
  4074 | D:3      | Found a glowing silver altar of Zin.
  4117 | D:3      | Gained mutation: You are partially covered in rugged brown scales (AC +1, +3% HP). [demonic ancestry]
  4117 | D:3      | Reached XP level 6. HP: 46/54 MP: 6/6
  4396 | D:4      | Reached skill level 7 in Fighting
  4602 | D:4      | Found Sok Xyim's Food Boutique.
  4677 | D:4      | Found a sand-covered staircase.
  4718 | Ossuary  | Entered an ossuary
  4727 | Ossuary  | Noticed Tyryt0's ghost (experienced DgFi)
  4772 | Ossuary  | Reached skill level 8 in Fighting
  4772 | Ossuary  | Reached XP level 7. HP: 5/63 MP: 7/7
  5421 | D:5      | Entered Level 5 of the Dungeon
  5937 | D:5      | Noticed Duvessa
  5946 | D:5      | Noticed Dowan
  5954 | D:5      | Killed Duvessa
  5954 | D:5      | Reached skill level 9 in Fighting
  5967 | D:5      | Killed Dowan
  6956 | D:5      | Found a staircase to the Ecumenical Temple.
  6971 | Temple   | Entered the Ecumenical Temple
  7036 | Temple   | Became a worshipper of Gozag Ym Sagoz the Greedy
  7354 | D:6      | Reached XP level 8. HP: 49/74 MP: 8/8
  7381 | D:6      | Noticed Pikel
  7556 | D:6      | Found Wdedoshru's Whimsical Warehouse.
  7636 | D:7      | Reached skill level 10 in Fighting
  7649 | D:7      | HP: 1/74 [wight/scimitar of freezing (6)]
  7649 | D:7      | Slain by a wight

Vault maps used:
D:1:      dpeg_arrival_pits
D:2:      minmay_door_path, evilmike_ruin_ashenzari
D:3:      minitemple, first_bread, grunt_qazlal_clouds, uniq_jessica, uniq_robin
D:4:      serial_shops, shop, nicolae_ossuary_entry_monument
D:5:      temple_fountains, nrook_loot_triangle, st_stairs_9,
          serial_bayou_pond_a, uniq_duvessa
D:6:      serial_shops, shop_statue, nicolae_alphabet_shops, uniq_pikel
D:7:      kennysheep_little_box
Temple:   triangle_lava_temple_11
Ossuary:  ossuary_minmay_four_chambers

Action                   |  1- 3 |  4- 6 |  7- 9 || total
-------------------------+-------+-------+-------++-------
Melee: War axe           |   118 |   194 |   138 ||   450
  Use: Potion            |       |     2 |       ||     2
       Scroll            |       |       |     1 ||     1
 Stab: Distracted        |       |     1 |       ||     1
  Eat: Chunk             |     4 |     9 |     7 ||    20
       Fruit             |       |       |     6 ||     6
